 Dungeon Crawl Stone Soup version 0.30.0-19-g36f170ea60 (webtiles) character file.

Game seed: 2312784806963532725

103427 Josd the Blocker (level 16, 0/84 HPs)
             Began as a Vine Stalker Fighter on May 31, 2023.
             Was a High Priest of Jiyva.
             Slain by a +4 glaive of venom (19 damage)
             ... on level 2 of the Elven Halls.
             The game lasted 01:37:32 (17102 turns).

Josd the Blocker (Vine Stalker Fighter)            Turns: 17102, Time: 01:37:33

Health: 0/84       AC: 13    Str: 18    XL:     16   Next: 35%
Magic:  0/39       EV: 21    Int: 11    God:    Jiyva [*****.]
Gold:   2066       SH: 17    Dex: 33    Spells: 27/33 levels left

rFire   + + +        Q - +6 dagger "Far Zenn" {freeze, rN++}
rCold   . . .        D - +0 kite shield of the Fiddle {rC- Dex+6}
rNeg    + + +        a - +3 ring mail {rF+}
rPois   +            V - -2 hat of the Alchemist {rElec rPois rF+ rC+ rN+ Will+ rMut rCorr}
rElec   +            (no cloak)
rCorr   +            j - +0 pair of gloves
SInv    .            q - +1 pair of boots
Will    +++..        o - amulet of regeneration
Stlth   ++++++       N - ring of Ocamomn {rF+ Int+3 Slay+2}
HPRegen 3.38/turn    E - ring of magical power
MPRegen 0.71/turn

%: clarity, resist mutation, guardian spirit
@: no status effects
A: fangs 3, regeneration 1, magic shield, antimagic bite, no potion heal 2,
horns 1, talons 1, agile 2, clarity, poison resistance, gelatinous body 1,
translucent skin 2
a: Renounce Religion, Oozemancy, Slimify


You were on level 2 of the Elven Halls.
You worshipped Jiyva.
Jiyva was extremely pleased with you.
You visited 5 branches of the dungeon, and saw 22 of its levels.
You also visited: Ossuary.

You collected 2304 gold pieces.
You spent 238 gold pieces at shops.

Inventory:

Hand Weapons
 c - a +6 arbalest
 Q - the +6 dagger "Far Zenn" (weapon) {freeze, rN++}
   (You found it on level 8 of the Dungeon)

   rN:        It greatly protects you from negative energy.
Missiles
 b - 5 throwing nets
 u - 4 curare-tipped darts
 v - 5 javelins
 x - 2 boomerangs
 y - 2 boomerangs of dispersal
 J - 12 poisoned darts (quivered)
Armour
 a - a +3 ring mail of fire resistance (worn)
 j - a +0 pair of gloves (worn)
 q - a +1 pair of boots (worn)
 D - the +0 kite shield of the Fiddle (worn) {rC- Dex+6}
   (You found it on level 7 of the Dungeon)

   Dex:       It affects your dexterity (+6).
   rC:        It makes you vulnerable to cold.
 V - the -2 hat of the Alchemist (worn) {rElec rPois rF+ rC+ rN+ Will+ rMut rCorr}
   (You found it on level 2 of the Elven Halls)

   rF:        It protects you from fire.
   rC:        It protects you from cold.
   rElec:     It insulates you from electricity.
   rPois:     It protects you from poison.
   rN:        It protects you from negative energy.
   rCorr:     It protects you from acid and corrosion.
   rMut:      It protects you from mutation.
   Will:      It increases your willpower.
 X - the +1 scale mail of Utepipp {rC++ Will+}
   (You found it on level 2 of the Elven Halls)

   rC:        It greatly protects you from cold.
   Will:      It increases your willpower.
Jewellery
 d - a +6 ring of dexterity
 l - a +6 ring of strength
 o - an amulet of regeneration (around neck)
 E - a ring of magical power (right hand)
 L - a +6 ring of strength
 N - the ring of Ocamomn (left hand) {rF+ Int+3 Slay+2}
   (You took it off a centaur warrior on level 11 of the Dungeon)

   [ring of protection from fire]

   Int:       It affects your intelligence (+3).
   Slay:      It affects your accuracy & damage with ranged weapons and melee
   (+2).
   rF:        It protects you from fire.
 P - a ring of poison resistance
Wands
 F - a wand of flame (11)
 U - a wand of roots (9)
Scrolls
 g - 5 scrolls of magic mapping
 i - a scroll of fog
 r - a scroll of fear
 s - a scroll of butterflies {unknown}
 z - 8 scrolls of teleportation
 A - 3 scrolls of amnesia
 C - a scroll of brand weapon
 G - a scroll of enchant weapon {unknown}
 H - 7 scrolls of identify
 T - 2 scrolls of noise {unknown}
 W - a scroll of poison
Potions
 e - 2 potions of mutation {unknown}
 f - 4 potions of flight
 k - 4 potions of brilliance
 m - a potion of magic
 n - 2 potions of resistance
 p - 7 potions of heal wounds
 w - a potion of attraction {unknown}
 B - 2 potions of ambrosia
 I - a potion of berserk rage {unknown}
 K - 3 potions of haste {unknown}
 M - a potion of cancellation
 O - 2 potions of curing
 S - a potion of might
Miscellaneous
 R - a condenser vane


   Skills:
 + Level 9.2 Fighting
 + Level 10.4 Short Blades
 - Level 1.7 Axes
 + Level 0.6 Throwing
 + Level 9.9 Armour
 + Level 9.1 Dodging
 * Level 11.0 Stealth
 + Level 13.6 Shields
 + Level 0.8 Unarmed Combat
 - Level 9.2 Spellcasting
 - Level 6.4 Transmutations
 + Level 0.1 Poison Magic


You had 27 spell levels left.
You knew the following spells:

 Your Spells              Type           Power      Damage    Failure   Level
a - Beastly Appendage     Tmut           38%        N/A       2%          1
b - Wereblood             Tmut           19%        N/A       4%          2
c - Spider Form           Tmut/Pois      12%        N/A       30%         3

Your spell library contained the following spells:

 Spells                   Type           Power      Damage    Failure   Level
 Passwall                 Tmut/Erth      10%        N/A       16%         2
 Necrotise                Necr           20%        1d5       36%         1
 Sandblast                Erth           10%        2d5       36%         1
 Poisonous Vapours        Pois/Air       10%        N/A       50%         2
 Lesser Beckoning         Tloc           10%        N/A       52%         2
 Gell's Gravitas          Tloc           5%         N/A       75%         3
 Mephitic Cloud           Conj/Pois/Air  5%         N/A       75%         3
 Stone Arrow              Conj/Erth      10%        3d7       75%         3
 Teleport Other           Tloc           5%         N/A       75%         3
 Vampiric Draining        Necr           5%         2d6       75%         3
 Agony                    Necr           5%         N/A       100%        5
 Freezing Cloud           Conj/Ice/Air   2%         6-21      100%        5
 Summon Forest            Summ/Tloc      2%         N/A       100%        5
 Summon Mana Viper        Hex/Summ       5%         N/A       100%        5
 Dispersal                Tloc           2%         N/A       100%        6
 Summon Cactus Giant      Summ           2%         N/A       100%        6
 Discord                  Hex            2%         N/A       100%        8


Dungeon Overview and Level Annotations

Branches:
Dungeon (15/15)            Temple (0/1) D:4            Lair (1/5) D:11
    Orc (2/2) D:10            Elf (3/3) Orc:2        Vaults (0/5) D:14
 Depths (1/4) D:15        Ossuary (visited)

Altars:
Ashenzari
Cheibriados
Elyvilon
Gozag
Hepliaklqana
Kikubaaqudgha
Okawaru
Qazlal
Ru
Sif Muna
Trog
Uskayaw
Xom
Zin
Jiyva

Shops:
D:4 :   D:11 [   Orc:1 [?(   Orc:2 ([:*   Elf:1 :   Elf:2 [

Portals:
Trove: D:14 (give +2 shadow dragon scales)

Annotations:
D:9 Joseph


Innate Abilities, Weirdness & Mutations

You have razor-sharp teeth.
Your natural rate of healing is unusually fast.
When hurt, damage is shared between your health and your magic reserves.
Your bite disrupts and absorbs the magic of your enemies.
Potions cannot restore your health.
You have a pair of small horns on your head.
You have sharp toenails.
You are very agile. (Dex +8, Str/Int -2)
You possess an exceptional clarity of mind.
Your system is resistant to poisons. (rPois)
Your rubbery body absorbs attacks. (AC +1, EV +1)
Your translucent skin reduces your foes' accuracy. (Stealth+)


Message History

You headbutt the +4 glaive of venom, but do no damage.
You bite the +4 glaive of venom, but do no damage.
The +4 glaive of venom is lightly damaged.
You feel sick. The +4 glaive of venom hits you!
You are too injured to fight recklessly!
You are too injured to fight recklessly!
You are too injured to fight recklessly!
You are too injured to fight recklessly!
You are too injured to fight recklessly!
You are too injured to fight recklessly!
You are too injured to fight recklessly!
You are too injured to fight recklessly!
You are too injured to fight recklessly!
You are too injured to fight recklessly!
You are too injured to fight recklessly!
You are too injured to fight recklessly!
You are too injured to fight recklessly!
You are too injured to fight recklessly!
You are too injured to fight recklessly!
You are too injured to fight recklessly!
You are too injured to fight recklessly!
You are too injured to fight recklessly!
You feel sick.
The deep elf knight casts a spell at you.
The shard of ice hits you!!
* * * LOW HITPOINT WARNING * * *
The +4 glaive of venom hits you from afar!!
* * * LOW HITPOINT WARNING * * *
You are more poisoned.
You hear a distant slurping noise.
Your system rejects the healing.
You feel better.
The +4 glaive of venom barely misses you.
The deep elf knight points at you and mumbles some strange words.
You block the shard of ice.
You hear a distant slurping noise.
The deep elf knight gestures wildly while chanting.
The deep elf knight seems to speed up.
You hear a distant slurping noise.
You hear a squelching noise.
The +4 glaive of venom hits you from afar!!
You die...

#.# #..# #..# #.# #### ####
..# ##### ##### #### ..#
##...## ##...## #...# ###
##.....###.....###.....
##.......#.......#......
#............).......... #
#....................... ##
#............@.(.(......
.####..........###)........
..# ##......^.## ##........
⌠.# ##.......# #.......#
..# ##.......## ##.......
..###......### ##e....
..##......## #....
..##......# ....
..').)....## ...


You could see a deep elf knight (fast) and 2 dancing weapons.

Vanquished Creatures
  A deep elf blademaster (Elf:2)
  3 deep elf sorcerers
  An orc warlord (Orc:2)
  A deep elf elementalist (Elf:1)
  The ghost of Zippel the Thaumaturge, a journeyman HuCj of Vehumet (Elf:2)
  A deep elf demonologist (Elf:3)
  Azrael (Elf:1)
  An ettin (D:15)
  A fire dragon (D:11)
  4 hydras
  8 vault guards (D:14)
  4 ogre magi
  Erolcha (D:11)
  4 boulder beetles
  A catoblepas (D:13)
  6 centaur warriors
  19 dancing weapons
  A tengu warrior (D:11)
  A death knight (D:15)
  9 two-headed ogres
  An orc high priest (Orc:1)
  8 deep elf knights
  6 skeletal warriors (D:15)
  A deep troll (D:15)
  6 deep elf archers
  A lindwurm (shapeshifter) (D:13)
  A phantasmal warrior (D:15)
  16 deep elf pyromancers
  4 orc knights
  2 orc sorcerers (Orc:2)
  11 ugly things
  18 deep elf zephyrmancers
  The ghost of Name63 the Ducker, a novice DjCj (D:6)
  3 manticores
  A salamander (shapeshifter) (D:15)
  3 cyclopes
  An elephant (shapeshifter) (D:13)
  An unseen horror (shapeshifter) (D:11)
  2 gargoyles
  Psyche (D:8)
  2 unseen horrors (D:13)
  2 freezing wraiths (D:15)
  2 efreet
  A hornet (D:7)
  2 meliai (D:14)
  11 trolls
  A water elemental (Elf:2)
  3 air elementals
  2 wraiths
  2 shadows (D:10)
  20 yaks
  A basilisk (D:12)
  6 fire elementals
  3 vampire mosquitoes
  2 wargs (Orc:2)
  Edmund (D:5)
  5 hell hounds (Elf:1)
  An acid dragon (D:12)
  2 water moccasins (D:5)
  25 orc warriors
  2 ice beasts (D:6)
  A sky beast (D:6)
  3 black bears
  13 ogres
  The ghost of laial the Trooper, an amateur DsCK of Xom (D:4)
  3 centaurs
  3 phantoms
  2 kobold brigands
  An elf zombie (D:8)
  4 bullfrogs
  3 earth elementals
  An elf skeleton (D:8)
  A gnoll sergeant (D:10)
  12 scorpions
  5 wights (D:6)
  A hornet simulacrum (D:8)
  2 troll zombies (D:10)
  6 killer bees
  3 electric eels (D:10)
  2 howler monkeys
  2 centaur zombies (Ossuary)
  3 human zombies
  13 orc priests
  4 hounds
  2 human skeletons (D:8)
  7 iguanas
  2 sleepcaps (D:6)
  3 gnoll boudas
  12 orc wizards
  9 scorpion zombies (Ossuary)
  6 ogre zombies (D:10)
  3 mummies (Ossuary)
  17 gnolls
  11 adders
  A worm (D:2)
  2 dart slugs
  50 orcs
  5 endoplasms
  6 giant cockroaches
  4 hobgoblins
  3 jackals (D:2)
  4 quokkas
  7 ball pythons
  2 bats (D:1)
  2 frilled lizards
  7 goblins
  7 goblin zombies
  A hobgoblin skeleton (D:10)
  6 hobgoblin zombies
  18 kobolds
  2 kobold zombies (Ossuary)
  4 orc skeletons (D:10)
  15 orc zombies
  4 rats
564 creatures vanquished.

Vanquished Creatures (collateral kills)
  A death knight (D:13)
  A dancing weapon (Elf:2)
  A deep elf knight (Elf:2)
  A skeletal warrior (D:13)
  A deep troll (D:15)
  A deep elf pyromancer (Elf:1)
  A deep elf zephyrmancer (Elf:1)
  An orc sorcerer (D:15)
  A cyclops (D:13)
  2 freezing wraiths (D:13)
  An orc warrior (Orc:2)
  A centaur (D:8)
  An earth elemental (Elf:1)
  2 orc priests (D:8)
16 creatures vanquished.

Vanquished Creatures (others)
  A dancing weapon (Elf:2)
  An orc high priest (Orc:2)
  A deep elf knight (Elf:1)
  A wizard (D:15)
  A deep elf archer (Elf:1)
  A necromancer (D:15)
  2 deep elf pyromancers (Elf:1)
  An ugly thing (D:12)
  A kobold demonologist (D:12)
  A meliai (D:14)
  13 slime creatures
  An air elemental (Elf:1)
  A golden eye (shapeshifter) (D:8)
  2 water elementals (Elf:2)
  Menkaure (D:4)
  An acid dragon (D:12)
  An orc warrior (Orc:1)
  A kobold brigand (D:10)
  A bullfrog (D:8)
  A gnoll sergeant (D:12)
  4 killer bees (D:11)
  83 jellies
  2 howler monkeys
  2 orc priests
  2 sleepcaps
  2 orc wizards
  6 gnolls
  An endoplasm (Orc:2)
  5 orcs
  A giant cockroach (D:4)
  7 kobolds
  An orc skeleton (D:8)
150 creatures vanquished.

Grand Total: 730 creatures vanquished

Notes
Turn   | Place    | Note
-------+----------+-------------------------------------------
     0 | D:1      | Josd the Vine Stalker Fighter began the quest for the Orb.
     0 | D:1      | Reached XP level 1. HP: 11/11 MP: 2/2
   129 | D:1      | Reached XP level 2. HP: 9/16 MP: 3/3
   762 | D:1      | Reached skill level 3 in Shields
   762 | D:1      | Reached XP level 3. HP: 19/19 MP: 4/4
  1670 | D:4      | Noticed Menkaure
  1670 | D:4      | Found Samewnev's Book Emporium.
  1729 | D:3      | Found a bloodstained altar of Trog.
  1880 | D:3      | Gained mutation: Your natural rate of healing is unusually
                  | fast. [Vine Stalker growth]
  1880 | D:3      | Reached XP level 4. HP: 20/24 MP: 5/5
  2092 | D:3      | Found a faded altar of an unknown god.
  2136 | D:3      | Prayed at the altar of an unknown god.
  2136 | D:3      | Became a worshipper of Jiyva Jipuveef the Shapeless
  2136 | D:3      | Reached * piety under Jiyva
  2501 | D:4      | Noticed a black bear
  2504 | D:4      | Found an iron altar of Okawaru.
  2506 | D:4      | Killed a black bear
  2507 | D:4      | Reached skill level 1 in Spellcasting
  2507 | D:4      | Reached XP level 5. HP: 26/28 MP: 5/8
  2547 | D:4      | Found a snail-covered altar of Cheibriados.
  2603 | D:4      | Found a sacrificial altar of Ru.
  2617 | D:4      | Killed Menkaure
  2628 | D:4      | Found a hide-covered altar of Uskayaw.
  2633 | D:4      | Reached ** piety under Jiyva
  2682 | D:4      | Found a runed translucent gate.
  2683 | D:4      | Found a runed translucent gate.
  2683 | D:4      | Noticed laial's ghost (amateur DsCK)
  2690 | D:4      | Found a runed translucent gate.
  2721 | D:4      | Found a staircase to the Ecumenical Temple.
  2730 | D:4      | Reached skill level 1 in Stealth
  2754 | D:4      | Found an opulent altar of Gozag.
  2900 | D:4      | Found an ancient bone altar of Kikubaaqudgha.
  2970 | D:4      | Reached skill level 1 in Dodging
  2970 | D:4      | Reached XP level 6. HP: 31/32 MP: 6/9
  2995 | D:4      | Killed laial's ghost
  3038 | D:5      | Entered Level 5 of the Dungeon
  3391 | D:5      | Reached *** piety under Jiyva
  3428 | D:5      | Reached XP level 7. HP: 36/36 MP: 10/12
  3563 | D:5      | Noticed Edmund
  3583 | D:5      | Killed Edmund
  3836 | D:5      | Noticed a vampire mosquito
  3877 | D:5      | Killed a vampire mosquito
  3878 | D:5      | Gained mutation: You have razor-sharp teeth. [Vine Stalker
                  | growth]
  3878 | D:5      | Reached XP level 8. HP: 38/42 MP: 6/14
  4057 | D:5      | Reached skill level 5 in Armour
  4176 | D:5      | Reached skill level 4 in Shields
  4259 | D:5      | Reached XP level 9. HP: 46/46 MP: 16/16
  4262 | D:5      | Learned a level 1 spell: Beastly Appendage
  4683 | D:6      | Gained mutation: You passively dampen the noise of your
                  | surroundings. [Jiyva's grace]
  4683 | D:6      | Gained mutation: You have large cloven feet. [Jiyva's
                  | grace]
  4683 | D:6      | Gained mutation: You have hoof-like feet. [Jiyva's grace]
  4683 | D:6      | Gained mutation: You have hooves in place of feet. [Jiyva's
                  | grace]
  4766 | D:6      | Reached skill level 5 in Spellcasting
  4782 | D:6      | Reached skill level 5 in Short Blades
  4804 | D:6      | Found a hazy altar of Hepliaklqana.
  4857 | D:6      | Reached **** piety under Jiyva
  4985 | D:6      | Reached skill level 1 in Transmutations
  5081 | D:6      | Reached skill level 1 in Axes
  5299 | D:6      | Found a runed translucent door.
  5302 | D:6      | Noticed Name63's ghost (novice DjCj)
  5396 | D:6      | Killed Name63's ghost
  5587 | D:7      | Identified the +0 kite shield of the Fiddle {rC- Dex+6}
  5656 | D:7      | Found a white marble altar of Elyvilon.
  5721 | D:7      | Reached ***** piety under Jiyva
  5721 | D:7      | Found a basalt altar of Yredelemnul.
  5723 | D:7      | Found a shadowy altar of Dithmenos.
  5723 | D:7      | Found an iron altar of Okawaru.
  5725 | D:7      | Found an opulent altar of Gozag.
  5725 | D:7      | Found a shimmering altar of Xom.
  5725 | D:7      | Found a shimmering blue altar of Sif Muna.
  5932 | D:7      | Noticed a hornet
  5956 | D:7      | Killed a hornet
  5957 | D:7      | Reached XP level 10. HP: 50/51 MP: 15/20
  6348 | D:8      | Noticed Psyche
  6355 | D:8      | Killed Psyche
  6356 | D:8      | Reached skill level 5 in Fighting
  6356 | D:8      | Reached skill level 5 in Shields
  6415 | D:8      | Found a glowing silver altar of Zin.
  6485 | D:8      | Found a broken altar of Ashenzari.
  6699 | D:8      | Found a sand-covered staircase.
  6707 | Ossuary  | Entered an ossuary
  6732 | Ossuary  | Gained mutation: You are agile. (Dex +4, Str/Int -1)
                  | [Jiyva's grace]
  6732 | Ossuary  | Gained mutation: You are very agile. (Dex +8, Str/Int -2)
                  | [Jiyva's grace]
  6732 | Ossuary  | Gained mutation: Your rubbery body absorbs attacks. (AC +1,
                  | EV +1) [Jiyva's grace]
  6732 | Ossuary  | Gained mutation: Your pliable body absorbs attacks. (AC +2,
                  | EV +2) [Jiyva's grace]
  7133 | D:8      | Noticed a boulder beetle
  7133 | D:8      | Noticed a cyclops
  7134 | D:8      | Found a runed translucent door.
  7136 | D:8      | Noticed a boulder beetle
  7136 | D:8      | Noticed an ogre mage
  7136 | D:8      | Noticed a five-headed hydra
  7136 | D:8      | Noticed a cyclops
  7661 | D:8      | Killed a five-headed hydra
  7662 | D:8      | Reached skill level 6 in Shields
  7662 | D:8      | Reached XP level 11. HP: 45/56 MP: 17/22
  7664 | D:8      | Killed an ogre mage
  7671 | D:8      | Killed a boulder beetle
  7677 | D:8      | Killed a boulder beetle
  7678 | D:8      | Killed a cyclops
  7680 | D:8      | Killed a cyclops
  7685 | D:8      | Identified the +6 dagger "Far Zenn" {freeze, rN++}
  7737 | D:9      | Noticed Joseph
  7982 | D:10     | Entered Level 10 of the Dungeon
  8039 | D:10     | Found a staircase to the Orcish Mines.
  8199 | Orc:1    | Entered Level 1 of the Orcish Mines
  8349 | Orc:2    | Entered Level 2 of the Orcish Mines
  8349 | Orc:2    | Found a staircase to the Elven Halls.
  8350 | Orc:2    | Noticed an orc high priest
  8354 | Orc:2    | Noticed an orc knight
  8356 | Elf:1    | Entered Level 1 of the Elven Halls
  8356 | Elf:1    | Noticed a deep elf pyromancer
  8356 | Elf:1    | Noticed a deep elf zephyrmancer
  8356 | Elf:1    | Noticed a deep elf zephyrmancer
  8356 | Elf:1    | Noticed a deep elf zephyrmancer
  8356 | Elf:1    | Noticed a deep elf archer
  8373 | Orc:1    | Killed an orc high priest
  8379 | Orc:1    | Reached skill level 7 in Shields
  8446 | Orc:2    | Killed an orc knight
  8447 | Orc:2    | Reached skill level 5 in Transmutations
  8448 | Orc:2    | Found Fub Yhusuam's Antique Armour Emporium.
  8468 | Orc:2    | Noticed an orc knight
  8482 | Orc:2    | Killed an orc knight
  8484 | Orc:2    | Found Buizount's Antique Weapon Shoppe.
  8493 | Orc:2    | Reached skill level 5 in Dodging
  8493 | Orc:2    | Reached XP level 12. HP: 60/60 MP: 24/24
  8625 | Orc:2    | Found Somuem's Book Emporium.
  8652 | Orc:2    | Noticed an orc warlord
  8691 | Orc:1    | Found Vafuts's Antique Armour Emporium.
  8691 | Orc:1    | Found Gelom's Antique Armour Shoppe.
  8728 | Orc:2    | Noticed an orc high priest
  8901 | Orc:1    | You fall into a shaft and drop 1 floor!
  8913 | Orc:2    | Killed an orc high priest
  8945 | Orc:2    | Found Rahekk's General Store.
  8954 | Orc:2    | Bought 5 curare-tipped darts for 84 gold pieces
  8954 | Orc:2    | Bought a scroll of identify for 28 gold pieces
  9081 | Orc:2    | Reached skill level 8 in Shields
  9164 | Orc:2    | Killed an orc warlord
  9233 | Orc:2    | Lost mutation: You are very agile. (Dex +8, Str/Int -2)
                  | [Jiyva's grace]
  9233 | Orc:2    | Gained mutation: Your translucent skin slightly reduces
                  | your foes' accuracy. (Stealth+) [Jiyva's grace]
  9233 | Orc:2    | Gained mutation: Your translucent skin reduces your foes'
                  | accuracy. (Stealth+) [Jiyva's grace]
  9233 | Orc:2    | Gained mutation: Your transparent skin significantly
                  | reduces your foes' accuracy. (Stealth+) [Jiyva's grace]
  9233 | Orc:2    | Gained mutation: Your muscles are strong. (Str +4, Int/Dex
                  | -1) [Jiyva's grace]
  9455 | Orc:1    | Found Fosuqan's Antique Weapon Boutique.
  9668 | Orc:1    | Found Ugoiwevamn's Magic Scroll Shoppe.
  9674 | Orc:1    | Bought a scroll of enchant armour for 82 gold pieces
  9674 | Orc:1    | Bought a scroll of identify for 22 gold pieces
  9674 | Orc:1    | Bought a scroll of identify for 22 gold pieces
  9962 | D:10     | Noticed a two-headed ogre
  9970 | D:10     | Killed a two-headed ogre
 10848 | D:11     | Found a staircase to the Lair.
 10857 | Lair:1   | Entered Level 1 of the Lair of Beasts
 10945 | D:11     | Noticed a two-headed ogre
 10950 | D:11     | Killed a two-headed ogre
 11010 | D:11     | Noticed a fire dragon
 11026 | D:11     | Killed a fire dragon
 11103 | D:11     | Identified a scroll of acquirement
 11103 | D:11     | Acquired 835 gold pieces
 11112 | D:11     | Noticed a centaur warrior
 11112 | D:11     | Noticed a four-headed hydra
 11133 | D:11     | Killed a centaur warrior
 11134 | D:11     | Reached XP level 13. HP: 65/65 MP: 27/27
 11140 | D:11     | Reached skill level 9 in Shields
 11414 | D:11     | Noticed Erolcha
 11427 | D:11     | Killed Erolcha
 11499 | D:11     | Found Napheghu's Antique Armour Boutique.
 11571 | D:11     | Identified the ring of Ocamomn {rF+ Int+3 Slay+2}
 11580 | D:11     | Reached skill level 5 in Stealth
 11597 | D:11     | Found the +27 heavy crossbow "Sniper" {heavy, Acc+∞ SInv}
 11600 | D:11     | Got the Precepts of Execration
 11711 | D:11     | Lost mutation: You are agile. (Dex +4, Str/Int -1) [Jiyva's
                  | grace]
 11711 | D:11     | Lost mutation: Your muscles are strong. (Str +4, Int/Dex
                  | -1) [Jiyva's grace]
 11711 | D:11     | Lost mutation: Your pliable body absorbs attacks. (AC +2,
                  | EV +2) [Jiyva's grace]
 11711 | D:11     | Lost mutation: Your transparent skin significantly reduces
                  | your foes' accuracy. (Stealth+) [Jiyva's grace]
 11711 | D:11     | Gained mutation: You have a pair of small horns on your
                  | head. [Jiyva's grace]
 11711 | D:11     | Gained mutation: You have a pair of horns on your head.
                  | [Jiyva's grace]
 11711 | D:11     | Gained mutation: You have a pair of large horns on your
                  | head. [Jiyva's grace]
 11711 | D:11     | Lost mutation: You have hooves in place of feet. [Jiyva's
                  | grace]
 11711 | D:11     | Lost mutation: You have hoof-like feet. [Jiyva's grace]
 11711 | D:11     | Lost mutation: You have large cloven feet. [Jiyva's grace]
 11711 | D:11     | Gained mutation: You have sharp toenails. [Jiyva's grace]
 11716 | D:11     | Learned a level 2 spell: Wereblood
 11720 | D:11     | Learned a level 3 spell: Spider Form
 11964 | D:12     | Found a stormy altar of Qazlal.
 12038 | D:12     | Reached skill level 10 in Shields
 12622 | D:13     | Reached ****** piety under Jiyva
 12859 | D:13     | Found an ancient bone altar of Kikubaaqudgha.
 13104 | D:14     | Reached XP level 14. HP: 49/72 MP: 24/28
 13266 | D:14     | Found a portal to a secret trove of treasure.
 13442 | D:14     | Found a gate to the Vaults.
 13823 | D:14     | Found a shimmering blue altar of Sif Muna.
 13923 | D:14     | Reached skill level 11 in Shields
 14022 | D:15     | Entered Level 15 of the Dungeon
 14285 | D:15     | Lost mutation: You have a pair of large horns on your head.
                  | [Jiyva's grace]
 14285 | D:15     | Lost mutation: You have a pair of horns on your head.
                  | [Jiyva's grace]
 14285 | D:15     | Lost mutation: You passively dampen the noise of your
                  | surroundings. [Jiyva's grace]
 14285 | D:15     | Gained mutation: You are agile. (Dex +4, Str/Int -1)
                  | [Jiyva's grace]
 14285 | D:15     | Gained mutation: You are very agile. (Dex +8, Str/Int -2)
                  | [Jiyva's grace]
 14285 | D:15     | Gained mutation: Your system is resistant to poisons.
                  | (rPois) [Jiyva's grace]
 14285 | D:15     | Gained mutation: You possess an exceptional clarity of
                  | mind. [Jiyva's grace]
 14620 | D:15     | Reached skill level 12 in Shields
 14620 | D:15     | Reached XP level 15. HP: 77/77 MP: 29/29
 14648 | D:15     | Found a staircase to the Depths.
 14782 | D:15     | Found a glowing silver altar of Zin.
 15080 | Depths:1 | Entered Level 1 of the Depths
 15219 | Elf:1    | Paralysed by an air elemental for 1 turns
 15220 | Elf:1    | Noticed a deep elf elementalist
 15230 | Elf:1    | Killed a deep elf elementalist
 15243 | Elf:1    | Reached skill level 10 in Short Blades
 15259 | Elf:1    | Noticed Azrael
 15278 | Elf:1    | Noticed a deep elf sorcerer
 15280 | Elf:1    | Killed Azrael
 15293 | Elf:1    | Killed a deep elf sorcerer
 15623 | Elf:1    | Found Jollaew's One-of-a-Kind Books.
 16173 | Elf:2    | Noticed a deep elf sorcerer
 16195 | Elf:2    | Killed a deep elf sorcerer
 16202 | Elf:2    | Reached skill level 13 in Shields
 16269 | Elf:2    | Reached skill level 10 in Stealth
 16452 | Elf:2    | Noticed a deep elf sorcerer
 16452 | Elf:2    | Found the -2 hat of the Alchemist {rElec rPois rF+ rC+ rN+
                  | Will+ rMut rCorr}
 16456 | Elf:2    | Noticed Zippel's ghost (journeyman HuCj)
 16457 | Elf:2    | Found a runed translucent gate.
 16457 | Elf:2    | Found a runed translucent gate.
 16457 | Elf:2    | Found a runed translucent gate.
 16487 | Elf:2    | Killed a deep elf sorcerer
 16513 | Elf:2    | Killed Zippel's ghost
 16514 | Elf:2    | Reached XP level 16. HP: 47/84 MP: 24/30
 16523 | Elf:3    | Entered Level 3 of the Elven Halls
 16525 | Elf:3    | Paralysed by an air elemental for 1 turns
 16852 | Elf:2    | Identified the +1 scale mail of Utepipp {rC++ Will+}
 16889 | Elf:2    | Found Uberioj's Antique Armour Boutique.
 16992 | Elf:2    | Found a runed translucent gate.
 17005 | Elf:2    | Found a runed translucent gate.
 17005 | Elf:2    | Found a runed translucent gate.
 17018 | Elf:2    | Noticed a deep elf blademaster
 17053 | Elf:2    | Killed a deep elf blademaster
 17102 | Elf:2    | Slain by a +4 glaive of venom

Illustrated notes

Levels and vault maps discovered:
D:1:      evilmike_arrival_rings, layout_basic, serial_corexii_hall,
          corexii_hall_statues_i, corexii_hall_statues_l
D:2:      layout_loops_ring, hangedman_abyss_or_decor_lesser_grid,
          minmay_ruptured
D:3:      layout_loops_ring, mainiacjoe_overflow_boulevard,
          ebering_ecumenical_altar_abandoned, nicolae_half_adder
D:4:      layout_cave_pools, mainiacjoe_overflow_alcove_1,
          eat_drink_and_be_merry_uskayaw, kennysheep_mini_moat,
          mainiacjoe_overflow_alcove_4, mainiacjoe_overflow_large_starburst,
          minmay_temple_entry_hall, gammafunk_ghost_split, serial_shops, shop,
          chequers_serial_rivers_large_b, uniq_menkaure
D:5:      kennysheep_windowed_halls, layout_layer_cave, uniq_edmund
D:6:      layout_basic, lemuel_crystal_altar, ebering_ghost_reflecting_pool
D:7:      layout_loops_ring, doesnt_xom_only_xom, elyvilon_altar_4,
          minmay_liquid_box, item_on_display_a
D:8:      minmay_gate_of_8, layout_rooms, amcnicky_altar_gilded,
          nicolae_ashenzari_skybound, nicolae_ossuary_entry_catacombs,
          serial_curves, eino_curves_03, eino_curves_01, eino_curves_01,
          eino_curves_01, uniq_psyche
D:9:      layout_cave_pools, general_overflow_altar, lemuel_doored_altar,
          kennysheep_mini, uniq_joseph
D:10:     layout_loops_corners, zombieorc2_lemuel, serial_bayou,
          serial_bayou_shore_a, serial_bayou_pond_e, serial_bayou_pond_c,
          serial_bayou_shore_b
D:11:     minmay_the_grid_plus_closed [minmay_the_grid_minigrid_large,
          minmay_the_grid_dragon_b, minmay_the_grid_armoury,
          minmay_the_grid_large_cup, minmay_the_grid_prize_shrinking_boxes],
          layout_irregular_city, serial_shops, shop_fountains, uniq_erolcha
D:12:     layout_basic, nicolae_qazlal_general_emergency
D:13:     layout_basic, nicolae_kikubaaqudgha_miasma_corner
D:14:     layout_basic, erik_vaults_2, led_sif_pool,
          nicolae_trove_entry_crossroad
D:15:     hangedman_depths_entry_civil_slaughter, layout_basic,
          grunt_decor_mini_mirrors, zin_treasury
Lair:1:   layout_chaotic_city, wad_woods_river_03, hangedman_tree_tricks,
          serial_bayou_ford_a, grunt_forest_large_clearing_hut,
          lemuel_fruit_tree
Orc:1:    layout_caves, basic_altar, serial_shops, shop,
          nicolae_shop_back_alley_shop, shop, nicolae_shop_advertising_works
          [nicolae_subvault_shop_adworks]
Orc:2:    grunt_orc_gardens, layout_diamond_mine, grunt_orc_garden,
          grunt_orc_garden, grunt_orc_garden, grunt_orc_garden
Elf:1:    minmay_elf_arrival_circle, layout_rooms,
          hangedman_elven_crosses_minicolossus, serial_sigils_hangedman_writhe,
          hangedman_elf_targetted_burst, nicolae_rare_books, uniq_azrael
Elf:2:    nicolae_elf_blades_crystal_corner, layout_gridlike,
          gammafunk_ghost_split, serial_shops, shop_fountains,
          nicolae_elf_glassroom_feature
Elf:3:    grunt_elf_hall_asides, layout_geoelf_octagon, uniq_louise,
          uniq_saint_roka
Depths:1: layout_long_grid, hangedman_coc_ice_floe,
          hangedman_abyss_or_decor_passed, lemuel_flamethrower_3,
          serial_bayou_shore_b

Skill      XL: |  1  2  3  4  5  6  7  8  9 10 11 12 13 14 15 16 |
---------------+-------------------------------------------------+-----
Short Blades   | 2 3 4 5 6 7 8 9 10 | 10.4
Shields        | 3 4 6 7 8 10 12 13 | 13.6
Fighting       | 3 4 5 6 7 8 9 |  9.2
Armour         | 3 4 5 6 7 8 9 |  9.9
Spellcasting   | 1 2 3 4 6 7 9 |  9.2
Stealth        | 1 3 4 6 7 10 11 | 11.0
Dodging        | 1 2 3 4 5 6 7 8 9 |  9.1
Transmutations | 1 3 5 6 |  6.4
Axes           | 1 |  1.7
Throwing       | |  0.6
Unarmed Combat | |  0.8
Poison Magic   | |  0.1

Action                     |  1- 3 |  4- 6 |  7- 9 | 10-12 | 13-15 | 16-18 || total
---------------------------+-------+-------+-------+-------+-------+-------++-------
  Melee: Rapier            |   110 |   110 |       |       |       |       ||   220
         Bite              |    29 |    32 |   145 |   298 |   432 |    65 ||  1001
         Dagger            |       |    22 |   447 |   704 |   976 |   156 ||  2305
         Kick              |       |       |    89 |   340 |   261 |       ||   690
         War axe           |       |       |    24 |       |       |       ||    24
         Headbutt          |       |       |     5 |     9 |   266 |    46 ||   326
         Unarmed           |       |       |       |       |     2 |       ||     2
  Throw: Javelin           |       |       |     2 |     2 |       |       ||     4
         Dart              |       |       |       |     6 |     1 |       ||     7
   Cast: Beastly Appendage |       |       |     3 |     5 |     1 |       ||     9
         Spider Form       |       |       |       |       |     1 |       ||     1
         Wereblood         |       |       |       |       |     3 |       ||     3
 Invoke: Oozemancy         |       |       |       |     5 |     5 |       ||    10
         Slimify           |       |       |       |     1 |     1 |       ||     2
    Use: Scroll            |     1 |     3 |     4 |    13 |     2 |       ||    23
         Potion            |       |     1 |     1 |     1 |     1 |     1 ||     5
   Stab: Sleeping          |       |       |       |     5 |    11 |     2 ||    18
         Distracted        |       |       |       |     2 |     1 |     3 ||     6
 Armour: Scale mail        |    43 |    79 |   134 |    43 |       |       ||   299
         Ring mail         |       |       |       |    52 |   174 |    34 ||   260
         Skin              |       |       |       |       |     1 |       ||     1
  Dodge: Dodged            |    44 |    83 |   197 |   337 |   422 |    89 ||  1172
  Block: Buckler           |    23 |    28 |    92 |       |       |       ||   143
         Kite shield       |       |       |    22 |   540 |   521 |   105 ||  1188
